 Dungeon Crawl Stone Soup version 0.29.0-11-gd7f09526c8 (webtiles) character file.

Game seed: 6612191487115521694

107 Sabo the Gusty (level 4, -5/30 HPs)
             Began as a Demonspawn Air Elementalist on Sept 5, 2022.
             Was a Follower of Ru.
             Slain by Sigmund
             ... wielding a +0 scythe
              (9 damage)
             ... on level 3 of the Dungeon.
             The game lasted 00:20:42 (4935 turns).

Sabo the Gusty (Demonspawn Air Elementalist)        Turns: 4935, Time: 00:20:43

Health: -5/30      AC:  7    Str:  9    XL:     4   Next: 56%
Magic:  2/7        EV:  7    Int: 18    God:    Ru [*.....]
Gold:   94         SH:  0    Dex: 13    Spells: 7/8 levels left

rFire   . . .      SeeInvis .   k - +0 rapier
rCold   . . .      Faith    .   (no shield)
rNeg    . . .      Spirit   .   a - +0 robe
rPois   .          Reflect  .   i - +0 helmet
rElec   .          Harm     .   f - +0 cloak
rCorr   .          Rampage  .   (no gloves)
Will    .....                   (no boots)
Stlth   ++........              (no amulet)
HPRegen 0.10/turn               s - ring of flight
MPRegen 0.10/turn               (no ring)

@: flying
A: yellow scales 2, powered by death 1, reduced EV 1
a: Renounce Religion


You were on level 3 of the Dungeon.
You worshipped Ru.
Ru was aware of your devotion.
You visited 1 branch of the dungeon, and saw 3 of its levels.

You collected 94 gold pieces.

Inventory:

Hand Weapons
 d - a +0 spear
 k - a +0 rapier (weapon)
Armour
 a - a +0 robe (worn)
 f - a +0 cloak (worn)
 i - a +0 helmet (worn)
Jewellery
 g - a ring of ice
 s - a ring of flight (left hand)
Scrolls
 e - a scroll of magic mapping {unknown}
 h - a scroll of identify {unknown}
 j - a scroll of brand weapon {unknown}
 m - a scroll of vulnerability {unknown}
 n - a scroll of amnesia {unknown}
 o - a scroll of fog {unknown}
 q - a scroll of teleportation {unknown}
Potions
 b - a potion of magic
 c - a potion of brilliance {unknown}
 l - 2 potions of heal wounds {unknown}
 p - a potion of curing {unknown}
 r - a potion of resistance {unknown}


   Skills:
 + Level 0.1 Fighting
 + Level 0.8 Short Blades
 + Level 0.9 Polearms
 + Level 2.2 Dodging
 + Level 2.0 Stealth
 + Level 2.5 Spellcasting
 + Level 1.7 Conjurations
 + Level 3.5 Air Magic


You had 7 spell levels left.
You knew the following spells:

 Your Spells              Type           Power      Damage    Failure   Level
a - Shock                 Conj/Air       44%        1d5       6%          1

Your spell library contained the following spells:

 Spells                   Type           Power      Damage    Failure   Level
 Static Discharge         Conj/Air       11%        3-5/arc   9%          2
 Swiftness                Air            15%        N/A       12%         3
 Airstrike                Air            7%         2d(2-18)  36%         4


Dungeon Overview and Level Annotations

Branches:
Dungeon (3/15)

Altars:
Ru

Annotations:
D:3 3 runed translucent doors, Sigmund; kd29's ghost, amateur DrTm


Innate Abilities, Weirdness & Mutations

You are mostly covered in yellow scales. (AC +3)
You regenerate a little health from kills.
You have somewhat slow reflexes. (EV -5)


Message History

Aim: Sigmund, wielding a +0 scythe and wearing a +0 robe (moderately wounded, 64% to hit)
The zap hits Sigmund.
Sigmund is moderately wounded.
Sigmund hits you from afar with a +0 scythe.
Casting: Shock (safe; 6% risk of failure)
Confirm with . or Enter, or press ? or * to list all spells.
Aiming: Shock (safe; 6% risk of failure)
Press: ? - help, Shift-Dir - straight line, f/p - Sigmund
Aim: Sigmund, wielding a +0 scythe and wearing a +0 robe (moderately wounded, 64% to hit)
The zap hits Sigmund.
Sigmund is moderately wounded.
Sigmund hits you with a +0 scythe.
You barely miss Sigmund.
Sigmund is moderately wounded.
Sigmund barely misses you.
You hit Sigmund.
Sigmund is heavily wounded.
Your magical contamination has completely faded away.
You hit Sigmund but do no damage.
Sigmund is heavily wounded.
Sigmund is stunned by your conviction and fails to attack.
Sigmund barely misses you.
You hit Sigmund but do no damage.
Sigmund is heavily wounded.
You barely miss Sigmund.
Sigmund is heavily wounded.
Sigmund casts a spell at you. The puff of flame hits you.
You hit Sigmund but do no damage.
Sigmund is heavily wounded.
Sigmund hits you with a +0 scythe.
You hit Sigmund.
Sigmund is severely wounded.
Sigmund mumbles some strange words.
Sigmund flickers and vanishes!
Deactivating autopickup; reactivate with Ctrl-A.
You hit something but do no damage. Something hits you!
* * * LOW HITPOINT WARNING * * *
You closely miss something. Something hits you!
You die...

####### #.....###
#...>.......
#....?......
###########.{...#
#.#
#..........@....#
#.# ##
##.#######......#
#.# .### #.#
#......# #.###....
#.#
#......####....## #
#.#
#...............###
#.#
#..............##P8
#.#
#.......).....##...
#^#
#.###.#......รท#?.##
#.#
#.###.#.......#....


There were no monsters in sight!

Vanquished Creatures
  5 adders (D:2)
  5 worms
  A dart slug (D:2)
  7 ball pythons
  5 bats
  2 endoplasms (D:1)
  A goblin (D:1)
  4 hobgoblins
  2 jackals (D:1)
  2 quokkas (D:1)
  3 frilled lizards
  6 kobolds
  5 rats
48 creatures vanquished.

Vanquished Creatures (others)
  2 fungi (D:3)
  A plant (D:3)
3 creatures vanquished.

Grand Total: 51 creatures vanquished

Notes
Turn   | Place    | Note
-------+----------+-------------------------------------------
     0 | D:1      | Sabo the Demonspawn Air Elementalist began the quest for
                  | the Orb.
     0 | D:1      | Reached XP level 1. HP: 13/13 MP: 3/3
   322 | D:1      | Reached skill level 3 in Air Magic
   659 | D:1      | Gained mutation: You are partially covered in yellow
                  | scales. (AC +2) [demonic ancestry]
   659 | D:1      | Reached XP level 2. HP: 19/19 MP: 0/5
  1018 | D:1      | Found a faded altar of an unknown god.
  1018 | D:1      | Noticed a crimson imp
  1094 | D:1      | Prayed at the altar of an unknown god.
  1094 | D:1      | Became a worshipper of Ru the Awakened
  1098 | D:1      | Gained mutation: You have somewhat slow reflexes. (EV -5)
                  | [Ru sacrifice]
  1098 | D:1      | Reached * piety under Ru
  1929 | D:1      | Gained mutation: You are mostly covered in yellow scales.
                  | (AC +3) [demonic ancestry]
  1929 | D:1      | Reached XP level 3. HP: 24/24 MP: 3/6
  3293 | D:2      | Gained mutation: You regenerate a little health from kills.
                  | [demonic ancestry]
  3293 | D:2      | Reached XP level 4. HP: 26/30 MP: 4/7
  4589 | D:3      | Found a runed translucent gate.
  4591 | D:3      | Noticed a kobold brigand
  4591 | D:3      | Noticed kd29's ghost (amateur DrTm)
  4593 | D:3      | Found a runed translucent gate.
  4594 | D:3      | Found a runed translucent gate.
  4917 | D:3      | Noticed Sigmund
  4935 | D:3      | Slain by Sigmund

Illustrated notes

Levels and vault maps discovered:
D:1:      lightli_molten_gateway, layout_loops_cross,
          dreamdust_ecumenical_altar_sealed_demon
D:2:      layout_loops_cross, serial_aquarium, aquarium_bridge_straight
          [aquarium_subvault_bridge, aquarium_subvault_window,
          aquarium_subvault_bridge, aquarium_subvault_window],
          aquarium_bridge_straight [aquarium_subvault_bridge,
          aquarium_subvault_window, aquarium_subvault_bridge,
          aquarium_subvault_balcony], aquarium_window_corner,
          aquarium_window_corner, aquarium_window_fake,
          aquarium_window_corridor_1, aquarium_view_2f, aquarium_pool_five,
          kennysheep_donut
D:3:      layout_basic, jmf_multi_god_temple, gammafunk_ghost_nasty_kobolds,
          uniq_sigmund, uniq_ijyb

Skill      XL: |  1  2  3 |
---------------+----------+-----
Air Magic      | 3 |  3.5
Dodging        | 2 |  2.2
Stealth        | 2 |  2.0
Fighting       | |  0.1
Short Blades   | |  0.8
Polearms       | |  0.9
Spellcasting   | |  2.5
Conjurations   | |  1.7

Action                   |  1- 3 |  4- 6 || total
-------------------------+-------+-------++-------
Melee: Unarmed           |    17 |       ||    17
       Dagger            |    21 |       ||    21
       Punch             |     2 |       ||     2
       Spear             |    38 |       ||    38
       Rapier            |    18 |    43 ||    61
 Cast: Shock             |    66 |    38 ||   104
Invok: Sacrifice Health  |     1 |       ||     1
Armor: Robe              |    32 |    17 ||    49
Dodge: Dodged            |    50 |    14 ||    64
